 Dungeon Sprint DCSS version 0.27-a0-1232-gc6a4cbde82 (webtiles) character file.

Game seed: 1222180272503568936

3 rocky1 the Shield-Bearer (level 1, -3/18 HPs)
             Began as a Formicid Fighter on June 9, 2021.
             Slain by a human (4 damage)
             ... in the Dungeon (Sprint III: "The Ten Rune Challenge").
             The game lasted 00:00:30 (110 turns).

rocky1 the Shield-Bearer (Formicid Fighter)          Turns: 110, Time: 00:00:31

Health: -3/18      AC:  6    Str: 20    XL:     1   Next: 55%
Magic:  1/1        EV:  8    Int:  7    God:
Gold:   0          SH:  9    Dex: 10    Spells: 0/0 levels left

rFire    . . .     SeeInvis +   a - +0 long sword
rCold    . . .     Faith    .   c - +0 kite shield
rNeg     . . .     Spirit   .   b - +0 scale mail
rPois    .         Reflect  .   (helmet unavailable)
rElec    .         Harm     .   (no cloak)
rCorr    .         Rampage  .   (no gloves)
Will     .....                  (no boots)
Stlth    ..........             (no amulet)
HPRegen  0.06/turn              (no ring)
MPRegen  0.07/turn              (no ring)

@: mighty
A: permanent stasis, dig shafts and tunnels, antennae 3, four strong arms
a: Dig


You were in the Dungeon.
You visited 1 branch

Inventory:

Hand Weapons
 a - a +0 long sword (weapon)
Armour
 b - a +0 scale mail (worn)
 c - a +0 kite shield (worn)
Potions
 e - a potion of curing
 f - a potion of heal wounds
 g - 2 potions of magic


   Skills:
 - Level 3.2 Fighting
 + Level 2.9 Long Blades
 - Level 3.2 Armour
 + Level 4.4 Shields


You couldn't memorise any spells.
You didn't know any spells.
Your spell library was empty.

Dungeon Overview and Level Annotations

Branches:
Dungeon (1/1)

Altars:


Innate Abilities, Weirdness & Mutations

You cannot be hasted, slowed, berserked, paralysed or teleported.
You can dig through walls and to a lower floor.
You have a pair of large antennae on your head. (SInv)
Your four strong arms can wield two-handed weapons with a shield.


Message History

The rat is heavily wounded.
The rat closely misses you. You block the rat's attack.
You closely miss the rat.
The rat is heavily wounded.
You block the rat's attack.
The rat bites you but does no damage. x2
You hit the rat.
You kill the rat!
You block the rat's attack.
You completely miss the rat. You block the rat's attack.
You hit the rat.
You kill the rat!
You open the door.
There is an open door here.
A human comes into view.
The human shouts!
A wolf comes into view.
You feel very mighty all of a sudden. The human hits you!
You closely miss the human. The human barely misses you.
You closely miss the human. You block the human's attack. x2
Your shield prevents you from hitting the human.
The human hits you but does no damage.
You hit the human.
The human is lightly wounded.
The human barely misses you. The human hits you but does no damage.
You closely miss the human.
The human is lightly wounded.
The human barely misses you.
You riposte.
You miss the human.
The human is lightly wounded.
You miss the human.
The human is lightly wounded.
The human hits you.
You slash the human!
The human is heavily wounded.
The human barely misses you. The human hits you!
* * * LOW HITPOINT WARNING * * *
You closely miss the human.
The human is heavily wounded.
The human hits you.
You die...

▓..†..#....≈♣♣♣
▓.....#...≈≈♣.♣♣
▓....[#..≈≈≈≈...
▓####'#..≈≈≈≈≈≈♣
▓)..†.#.≈≈≈≈≈≈..
▓.....#h≈≈≈≈≈...
▓.....#.≈≈≈.....
▓'#####.........
▓...@ph.........
▓▓▓▓▓▓▓▓▓▓▓▓▓▓▓▓
{ {{ { { { { {
{{


You could see a human and a wolf.

Vanquished Creatures
  An endoplasm (D)
  3 rats (D)
4 creatures vanquished.

Notes
Turn   | Place    | Note
-------+----------+-------------------------------------------
     0 | D        | rocky1 the Formicid Fighter began the quest for the Orb.
     0 | D        | Reached XP level 1. HP: 18/18 MP: 1/1
     6 | D        | Reached skill level 4 in Shields
    96 | D        | Noticed a wolf
   110 | D        | Slain by a human

Illustrated notes

Levels and vault maps discovered:
D:        dungeon_sprint_mu [sprint_mu_entry_forest, sprint_mu_temple_rooms,
          sprint_mu_d1_horrors, sprint_mu_d2_genie, sprint_mu_d3_branching,
          sprint_mu_orc_legion, sprint_mu_elf_gauntlet, sprint_mu_hive_nellie,
          sprint_mu_lair_fedhas, sprint_mu_vaults_butterflies,
          sprint_mu_slime_circle, sprint_mu_shoals_archi,
          sprint_mu_snake_twists, sprint_mu_blade_basic, sprint_mu_crypt_lich,
          sprint_mu_tomb_spiral, sprint_mu_vestibule_basic,
          sprint_mu_gehenna_hellfire, sprint_mu_dis_giant,
          sprint_mu_tartarus_statrot, sprint_mu_cocytus_islands, sprint_mu_zot1]

Skill      XL: |  1 |
---------------+----+-----
Shields        | 4 |  4.4
Fighting       | |  3.2
Long Blades    | |  2.9
Armour         | |  3.2

Action                   || total
-------------------------++-------
Melee: Long sword        ||    18
  Use: Potion            ||     1
Armor: Scale mail        ||     5
Dodge: Dodged            ||     7
Block: Kite shield       ||    11
       Rpst.: Long sword ||     1

Table legend: (Time is in decaauts)
 A = Elapsed time spent in this place.
 B = Non-inter-level travel time spent in this place.
 C = Inter-level travel time spent in this place.
 D = Time resting spent in this place.
 E = Time spent auto-exploring this place.
 F = Levels seen in this place.
 G = Mean time per level.
                   A        B        C        D        E       F      G
               +--------+--------+--------+--------+--------+-----+--------+
         Total |    117 |    117 |      0 |     54 |      0 |   1 |  117.0 |
       Dungeon |    117 |    117 |      0 |     54 |      0 |   1 |  117.0 |
               +--------+--------+--------+--------+--------+-----+--------+

Top non-repeatable levels by time:
       D: 117 daAuts
